AoeStats
← jordialg97

Arena

510357193Analyzed
2v2 RM · 1d ago on Sep 30, 2026· 34m 22s· 4 players
Game mode
Random Map
Map size
Medium (4 player)
Population
200
Speed
Normal
Resources
Standard
Victory
Conquest
Starting age
Dark Age
Ending age
Imperial Age
RankedLock teamsTeams togetherTeam positionsShared explorationLock speedFull tech treeHidden civsTurbo modeCheats
Victory
Defeat
🇦🇷 Khmer · Argentina
1389
+13
🇬🇧 Dravidians · United Kingdom
1217
+19
🇳🇱 Bohemians · Netherlands
1307
-16
🇪🇸 Magyars · Spain
1306
-16
cueromagico2
11:39 Feudal Age
15:24 Castle Age
13:59 Double-Bit Axe
15:01 Horse Collar
16:33 Light Cavalry
17:12 Loom
23:34 Wheelbarrow
22:45 Town Watch
23:13 Bow Saw
23:05 Heavy Plow
30:25 Imperial Age
28:38 Stone Mining
28:38 Gold Mining
29:34 Scale Barding Armor
30:03 Bloodlines
29:53 Husbandry
32:14 Chain Barding Armor
32:44 Cavalier
jordialg97
10:37 Feudal Age
11:09 Double-Bit Axe
15:50 Castle Age
14:53 Horse Collar
15:54 Pikeman
17:08 Bow Saw
17:46 Fervor
23:01 Wheelbarrow
22:50 Loom
28:43 Heavy Plow
32:38 Imperial Age
31:32 Chemistry
32:00 Redemption
mattfalkous
11:19 Feudal Age
15:17 Castle Age
13:52 Double-Bit Axe
14:25 Horse Collar
21:01 Man-at-Arms
23:18 Bow Saw
23:20 Gold Mining
28:59 Imperial Age
26:14 Long Swordsman
27:36 Forging
28:00 Gambesons
28:27 Scale Mail Armor
30:22 Iron Casting
29:12 Two-Handed Swordsman
30:29 Chain Mail Armor
31:06 Champion
aReIF
10:34 Feudal Age
13:38 Castle Age
11:44 Double-Bit Axe
12:05 Horse Collar
12:35 Gold Mining
16:03 Loom
18:53 Wheelbarrow
20:49 Stone Mining
21:11 Bow Saw
21:21 Town Watch
24:30 Bloodlines
24:21 Husbandry
25:26 Ballistics
28:07 Imperial Age
26:34 Gold Shaft Mining
27:28 Hand Cart
28:03 Scale Barding Armor
28:45 Heavy Plow
29:15 Chain Barding Armor
29:18 Conscription
28:50 Elite Ballista Elephant
30:45 Chemistry
31:25 Plate Barding Armor
32:05 Double Crossbow
Connection lost

Rejoining the realm…

Still unreachable

The connection could not be restored.

Session expired

The server has moved on; the page needs a fresh start.